 Dungeon Crawl Stone Soup version 0.21-a0-221-gfe971b9 (webtiles) character file.

424 4thArraOfDagon the Chopper (level 6, 0/53 HPs)
             Began as a Hill Orc Enchanter on Aug 24, 2017.
             Slain by an orc
             ... wielding a +0 trident
              (7 damage)
             ... on level 5 of the Dungeon.
             The game lasted 00:07:08 (1742 turns).

4thArraOfDagon the Chopper (Hill Orc Enchanter)     Turns: 1742, Time: 00:07:09

Health: 0/53       AC:  6    Str: 15    XL:     6   Next: 96%
Magic:  8/8        EV:  9    Int: 20    God:    Xom [..*...]
Gold:   73         SH:  0    Dex: 11    Spells: 5/8 levels left

rFire    . . .     SeeInvis .   o - +5 hand axe "Pixeom" {chop, Int+3}
rCold    . . .     Gourm    .   (no shield)
rNeg     . . .     Faith    .   j - +1 scale mail
rPois    .         Spirit   .   e - -2 helmet (curse)
rElec    .         Reflect  .   (no cloak)
rCorr    .         Harm     .   (no gloves)
MR       .....                  (no boots)
Stlth    ..........             (no amulet)
HPRegen  0.17/turn              g - +4 ring of strength
MPRegen  0.11/turn              (no ring)

@: drained
A: no striking features
a: Renounce Religion


You were on level 5 of the Dungeon.
You worshipped Xom.
You were a toy of Xom.
You were not hungry.

You visited 1 branch of the dungeon, and saw 7 of its levels.

You collected 73 gold pieces.

Inventory:

Hand Weapons
 a - a +1 dagger
 i - a +0 broad axe
 o - the +5 hand axe "Pixeom" (weapon) {chop, Int+3}
   (You found it on level 7 of the Dungeon)

   It inflicts extra damage upon your enemies.
   It affects your intelligence (+3).
 q - the +1 mace "Jelly's Death Toll" {freeze, rPois, unknown}
   (You found it on level 6 of the Dungeon)

   It has been specially enchanted to freeze those struck by it, causing extra
   injury to most foes and up to half again as much damage against particularly
   susceptible opponents.
   It can also slow down cold-blooded creatures.
   It protects you from poison.
Armour
 b - a +0 robe
 e - a cursed -2 helmet (worn)
 j - a +1 scale mail (worn)
 l - a +0 helmet
Jewellery
 g - a +4 ring of strength (left hand)
Wands
 f - a wand of iceblast (1/15)
 m - a wand of clouds (4/9)
Scrolls
 h - a scroll of enchant armour
 k - a scroll of teleportation
 n - a scroll of identify
Books
 c - a book of Maledictions

   Spells                             Type                      Level
   a - Corona                         Hexes                        1
   b - Ensorcelled Hibernation        Hexes/Ice                    2
   c - Confuse                        Hexes                        3
   d - Tukima's Dance                 Hexes                        3
   e - Dazzling Spray                 Conjuration/Hexes            3
Comestibles
 d - 2 bread rations


   Skills:
 + Level 4.7(4.2) Fighting
 - Level 1.0(0.5) Short Blades
 * Level 6.3(5.8) Axes
 + Level 1.4(1.0) Armour
 + Level 2.0(1.6) Dodging
 - Level 2.4(1.9) Stealth
 - Level 1.5(1.1) Spellcasting
 - Level 3.0(2.5) Hexes


You had 5 spell levels left.
You knew the following spells:

 Your Spells              Type           Power        Failure   Level  Hunger
a - Corona                Hex            ##.....      24%         1    ##.....
b - Ensorcelled Hibernat  Hex/Ice        #.....       54%         2    ###....


Dungeon Overview and Level Annotations

Branches:
Dungeon (7/15)
 Temple: D:4-7

Altars:
Makhleb
Xom


Message History

Unknown command.
Unknown command.
Unknown command.
It was a potion of curing.
You feel better. The orc misses you.
Unknown command.
The orc barely misses you.
Unknown command.
You closely miss the orc.
The orc hits you with a short sword of draining.
* * * LOW HITPOINT WARNING * * *
You feel drained. The orc closely misses you.
Unknown command.
You closely miss the orc. You barely miss the orc.
The orc hits you but does no damage.
You feel drained.
Unknown command.
You hit the orc.
The orc is heavily wounded.
You barely miss the orc. The orc hits you with a trident!
You die...
Xom yawns loudly!

#.# .## #.##..
##.##.# ##
.....##..
#.#....#
##..#.#
#####.....#
#....oo...# #
#.###@##.)##.#
#.###)...#.#
#..##)o)....#
#.###.........
.. #.....#....
#.#
#.....##.#. ..
..#.### .# ..#
#.##.# . #.#
.. #..


You could see 2 orcs.

Vanquished Creatures
  2 centaurs
  A bullfrog (D:7)
  A crimson imp (D:6)
  A bullfrog zombie (D:6)
  An orc wizard (D:6)
  A worker ant (D:5)
  A killer bee zombie (D:5)
  A hound skeleton (D:6)
  An adder (D:5)
  A dart slug (D:1)
  A leopard gecko (D:6)
  4 orcs
  2 giant cockroaches
  2 hobgoblins
  3 jackals (D:3)
  3 kobolds (D:1)
  A bat (D:1)
  3 frilled lizards
  6 goblins
  A jackal skeleton (D:5)
  A quokka zombie (D:6)
  A rat (D:3)
39 creatures vanquished.

Notes
Turn   | Place    | Note
-------+----------+-------------------------------------------
     0 | D:1      | 4thArraOfDagon the Hill Orc Enchanter began the quest for the Orb.
     0 | D:1      | Reached XP level 1. HP: 14/14 MP: 3/3
    46 | D:1      | Reached skill level 1 in Fighting
    69 | D:1      | Reached XP level 2. HP: 5/24 MP: 2/4
   310 | D:2      | Learned a level 2 spell: Ensorcelled Hibernation
   612 | D:3      | Reached skill level 1 in Axes
   784 | D:2      | Reached XP level 3. HP: 26/30 MP: 5/5
   824 | D:3      | Noticed a black bear
   837 | D:3      | You fall through a shaft for 3 floors!
   890 | D:5      | Entered Level 5 of the Dungeon
   895 | D:5      | Reached skill level 2 in Axes
   900 | D:5      | Noticed a centaur
   908 | D:7      | Noticed a bullfrog
   915 | D:7      | Killed a bullfrog
   915 | D:7      | Reached skill level 3 in Axes
   915 | D:7      | Reached XP level 4. HP: 5/38 MP: 6/6
  1152 | D:7      | Found a shimmering altar of Xom.
  1158 | D:7      | Got a faintly glowing hand axe
  1159 | D:7      | Identified the +5 hand axe "Pixeom" {chop, Int+3} (You found it on level 7 of the Dungeon)
  1161 | D:7      | Became a worshipper of Xom the Fickle
  1177 | D:7      | Found a burning altar of Makhleb.
  1211 | D:6      | Noticed a centaur
  1211 | D:6      | XOM: butterfly on damage
  1222 | D:6      | XOM: potion effect (brilliance)
  1226 | D:6      | Killed a centaur
  1226 | D:6      | Reached skill level 4 in Axes
  1226 | D:6      | Reached XP level 5. HP: 2/46 MP: 7/7
  1226 | D:6      | Reached skill level 5 in Axes
  1470 | D:7      | Noticed an orc warrior
  1570 | D:6      | Reached XP level 6. HP: 47/53 MP: 8/8
  1678 | D:6      | Noticed an orc warrior
  1679 | D:6      | XOM: harmless Erth miscast
  1683 | D:6      | Got a shimmering mace
  1694 | D:6      | XOM: harmless Necr miscast
  1715 | D:6      | XOM: divination: magic mapping
  1724 | D:5      | Reached skill level 6 in Axes
  1724 | D:5      | Reached skill level 1 in Armour
  1731 | D:5      | HP: 1/53 [centaur (4)]
  1742 | D:5      | Slain by an orc

Vault maps used:
D:1:      mrwooster_arrival_statue_2, corexii_item_surrounded_by_moat
D:2:      minivault_11, minmay_pentomino_u4
D:3:      first_bread, uniq_terence
D:4:      uniq_grinder, uniq_robin
D:5:      minmay_temple_entry_trees
D:7:      marbit_many_paths, basic_altar, grunt_ogre_cave, uniq_joseph,
          uniq_crazy_yiuf_cottage

Skill      XL: |  1  2  3  4  5  6 |
---------------+-------------------+-----
Fighting       | 1 2 3 4 |  4.7
Axes           | 1 3 4 5 6 |  6.3
Armour         | 1 |  1.4
Dodging        | 2 |  2.0
Short Blades   | |  1.0
Stealth        | |  2.4
Spellcasting   | |  1.5
Hexes          | |  3.0

Action                   |  1- 3 |  4- 6 || total
-------------------------+-------+-------++-------
Melee: Dagger            |    44 |       ||    44
       Broad axe         |    50 |       ||    50
       Hand axe          |       |    49 ||    49
 Cast: Corona            |     6 |       ||     6
Evoke: Wand              |     2 |     1 ||     3
  Use: Scroll            |     3 |     6 ||     9
       Potion            |       |     3 ||     3
 Stab: Sleeping          |     1 |       ||     1
  Eat: Meat ration       |       |     1 ||     1
Armor: Robe              |     8 |       ||     8
       Scale mail        |    43 |    35 ||    78
Dodge: Dodged            |    54 |    45 ||    99

Table legend:
 A = Spawn XP
 B = Non-spawn XP
 C = Spawn XP percentage of total XP
 D = Spawn monster count
 E = Non-spawn monster count
 F = Spawn count percentage of total count
 G = Total turns spent on level
                    A         B        C        D         E        F      G
               +---------+---------+-------+---------+---------+-------+---------
         Total |       7 |     600 |   1.2 |       3 |      36 |   7.7 |  1742
               +---------+---------+-------+---------+---------+-------+---------
           D:1 |       0 |      15 |   0.0 |       0 |       8 |   0.0 |   302
           D:2 |       2 |       9 |  18.2 |       1 |       5 |  16.7 |   334
           D:3 |       2 |      13 |  13.3 |       1 |       7 |  12.5 |   187
           D:5 |       0 |     198 |   0.0 |       0 |       8 |   0.0 |    39
           D:6 |       3 |     275 |   1.1 |       1 |       7 |  12.5 |   557
           D:7 |       0 |      90 |   0.0 |       0 |       1 |   0.0 |   309
               +---------+---------+-------+---------+---------+-------+---------
